| TOP OF THE 1ST |
|
Reading Fightin Phils batting - Pitching for Springfield Cardinals : RHP Bryan Banana
|
|
Pitching: RHP Bryan Banana
|
|
|
Batting: RHB Matt Strong
|
0-0: Swinging Strike 0-1: Ball 1-1: Foul Ball, location: 2F 1-2: Ball 2-2: Foul Ball, location: 2F 2-2: Foul Ball, location: 2F 2-2: Ball 3-2: Fly out, F8 (Line Drive, 8RD, EV 105.0 MPH)
|
|
Batting: LHB Danny Hill
|
0-0: Swinging Strike 0-1: Foul Ball, location: 2F 0-2: Strikes out swinging
|
|
Batting: RHB Austin Wiebe
|
0-0: Ball 1-0: Ground out U3 (Groundball, 34S, EV 85.6 MPH)
|
| Top of the 1st over - 0 runs, 0 hits, 0 errors, 0 left on base; Reading 0 - Springfield 0 |
| BOTTOM OF THE 1ST |
|
Springfield Cardinals batting - Pitching for Reading Fightin Phils : RHP Frank Diaz
|
|
Pitching: RHP Frank Diaz
|
|
|
Batting: RHB John Parra
|
0-0: Ground out 2-3 (Groundball, 15S, EV 64.4 MPH)
|
|
Batting: RHB Klaas Meij
|
0-0: Ball 1-0: Called Strike 1-1: Ball 2-1: Ball 3-1: Base on Balls
|
|
Batting: LHB Tim Olsen
|
0-0: Ball 1-0: Called Strike 1-1: Ball 2-1: Ball Klaas Meij is caught stealing 2nd base 2-6 3-1: Foul Ball, location: 2F 3-2: Base on Balls
|
|
Batting: LHB Jesus Ramirez
|
0-0: 2-RUN HOME RUN (Flyball, 9D, EV 99.4 MPH), Distance : 386 ft
|
|
Batting: RHB Jason Keller
|
0-0: Called Strike 0-1: Foul Ball, location: 2F 0-2: Strikes out swinging
|
| Bottom of the 1st over - 2 runs, 1 hit, 0 errors, 0 left on base; Reading 0 - Springfield 2 |
| TOP OF THE 2ND |
|
Reading Fightin Phils batting - Pitching for Springfield Cardinals : RHP Bryan Banana
|
|
Batting: LHB Chris Fandino
|
0-0: Foul Ball, location: 2F 0-1: Called Strike 0-2: SINGLE (Line Drive, 3D, EV 100.0 MPH)
|
|
Batting: LHB Darrell Ortega
|
0-0: Ball 1-0: Swinging Strike 1-1: Ball 2-1: Fly out, F5 (Line Drive, 5, EV 68.8 MPH)
|
|
Batting: RHB Zach Downs
|
0-0: Called Strike 0-1: Ball 1-1: Swinging Strike 1-2: Strikes out swinging
|
|
Batting: LHB Jose Fierro
|
0-0: Called Strike 0-1: Reached on error, E5 (Groundball, 56, EV 77.5 MPH) Chris Fandino to second
|
|
Batting: RHB Hector Nunez
|
0-0: Ball 1-0: Foul Ball, location: 2F 1-1: Swinging Strike 1-2: Strikes out swinging
|
| Top of the 2nd over - 0 runs, 1 hit, 1 error, 2 left on base; Reading 0 - Springfield 2 |
| BOTTOM OF THE 2ND |
|
Springfield Cardinals batting - Pitching for Reading Fightin Phils : RHP Frank Diaz
|
|
Batting: RHB David Fernandez
|
0-0: Called Strike 0-1: Called Strike 0-2: Ball 1-2: Ball 2-2: Foul Ball, location: 2F 2-2: Foul Ball, location: 2F 2-2: Foul Ball, location: 2F 2-2: Foul Ball, location: 2F 2-2: Foul Ball, location: 2F 2-2: Foul Ball, location: 2F 2-2: Ball 3-2: Hit by Pitch
|
|
Batting: LHB Yeong-hun Joe
|
0-0: Ball 1-0: Ball 2-0: Ball 3-0: Called Strike 3-1: TRIPLE (Line Drive, 78XD, EV 106.9 MPH) David Fernandez scores
|
|
Batting: RHB Dave Cluster
|
0-0: Called Strike 0-1: Foul Ball, location: 2F 0-2: Ball 1-2: Strikes out swinging
|
|
Batting: RHB Daniel Samano
|
0-0: Ball 1-0: Ball 2-0: Ground out 6-3 (Groundball, 6, EV 87.5 MPH) Yeong-hun Joe scores
|
|
Batting: RHB John Parra
|
0-0: Swinging Strike 0-1: Called Strike 0-2: Fly out, F3 (Popup, 3F, EV 78.1 MPH)
|
| Bottom of the 2nd over - 2 runs, 1 hit, 0 errors, 0 left on base; Reading 0 - Springfield 4 |
| TOP OF THE 3RD |
|
Reading Fightin Phils batting - Pitching for Springfield Cardinals : RHP Bryan Banana
|
|
Batting: RHB Gary Hills
|
0-0: Ball 1-0: Called Strike 1-1: Called Strike 1-2: Ground out 1-3 (Groundball, 15S, EV 70.0 MPH)
|
|
Batting: RHB Matt Strong
|
0-0: Foul Ball, location: 2F 0-1: Ground out 3-1 (Groundball, 34, EV 83.1 MPH)
|
|
Batting: LHB Danny Hill
|
0-0: Ball 1-0: Foul Ball, location: 2F 1-1: Called Strike 1-2: Ball 2-2: Ground out 1-3 (Groundball, 13, EV 70.6 MPH)
|
| Top of the 3rd over - 0 runs, 0 hits, 0 errors, 0 left on base; Reading 0 - Springfield 4 |
| BOTTOM OF THE 3RD |
|
Springfield Cardinals batting - Pitching for Reading Fightin Phils : RHP Frank Diaz
|
|
Batting: RHB Klaas Meij
|
0-0: SOLO HOME RUN (Flyball, 78XD, EV 105.0 MPH), Distance : 393 ft
|
|
Batting: LHB Tim Olsen
|
0-0: Ground out 6-3 (Groundball, 6, EV 87.5 MPH)
|
|
Batting: LHB Jesus Ramirez
|
0-0: Ball 1-0: Ball 2-0: Swinging Strike 2-1: Called Strike 2-2: Ball 3-2: DOUBLE (Flyball, 8LXD, EV 96.3 MPH)
|
|
Batting: RHB Jason Keller
|
0-0: Ball 1-0: Called Strike 1-1: Fly out, F8 (Line Drive, 8LM, EV 90.0 MPH) Lined into DP, 8-4 (Line Drive, 8LM, EV 90.0 MPH)
|
| Bottom of the 3rd over - 1 run, 2 hits, 0 errors, 0 left on base; Reading 0 - Springfield 5 |
| TOP OF THE 4TH |
|
Reading Fightin Phils batting - Pitching for Springfield Cardinals : RHP Bryan Banana
|
|
Batting: RHB Austin Wiebe
|
0-0: Foul Ball, location: 2F 0-1: Ball 1-1: Ground out 4-3 (Groundball, 34, EV 108.8 MPH)
|
|
Batting: LHB Chris Fandino
|
0-0: Ball 1-0: Ground out 5-3 (Groundball, 56, EV 105.6 MPH)
|
|
Batting: LHB Darrell Ortega
|
0-0: Ball 1-0: Called Strike 1-1: SINGLE (Flyball, 6MD, EV 83.8 MPH)
|
|
Batting: RHB Zach Downs
|
0-0: Ground out 4-3 (Groundball, P, EV 88.8 MPH)
|
| Top of the 4th over - 0 runs, 1 hit, 0 errors, 1 left on base; Reading 0 - Springfield 5 |
| BOTTOM OF THE 4TH |
|
Springfield Cardinals batting - Pitching for Reading Fightin Phils : RHP Frank Diaz
|
|
Pitching: RHP John Gloe
|
|
|
Batting: RHB David Fernandez
|
0-0: Ball 1-0: Ground out 6-3 (Groundball, 56, EV 103.8 MPH)
|
|
Batting: LHB Yeong-hun Joe
|
0-0: Ball 1-0: Reached on error, E3 (Groundball, 13, EV 78.1 MPH)
|
|
Batting: RHB Dave Cluster
|
0-0: Called Strike 0-1: Called Strike 0-2: Fielders Choice at 2nd, 1-4 (Groundball, 15S, EV 70.6 MPH)
|
|
Batting: RHB Daniel Samano
|
0-0: Ground out 4-3 (Groundball, 34, EV 82.5 MPH)
|
| Bottom of the 4th over - 0 runs, 0 hits, 1 error, 1 left on base; Reading 0 - Springfield 5 |
| TOP OF THE 5TH |
|
Reading Fightin Phils batting - Pitching for Springfield Cardinals : RHP Bryan Banana
|
|
Batting: LHB Jose Fierro
|
0-0: Fly out, F8 (Flyball, 8RD, EV 91.3 MPH)
|
|
Batting: RHB Hector Nunez
|
0-0: Ball 1-0: Ball 2-0: Ball 3-0: Base on Balls
|
|
Batting: RHB Gary Hills
|
0-0: Swinging Strike 0-1: Foul Ball, location: 2F 0-2: Foul Ball, location: 2F 0-2: Ball 1-2: Ball 2-2: Foul Ball, location: 2F 2-2: Foul Ball, location: 2F 2-2: Foul Ball, location: 2F 2-2: Strikes out swinging
|
|
Batting: RHB Matt Strong
|
0-0: Called Strike 0-1: Swinging Strike 0-2: Strikes out swinging
|
| Top of the 5th over - 0 runs, 0 hits, 0 errors, 1 left on base; Reading 0 - Springfield 5 |
| BOTTOM OF THE 5TH |
|
Springfield Cardinals batting - Pitching for Reading Fightin Phils : RHP John Gloe
|
|
Batting: RHB John Parra
|
0-0: Ball 1-0: Swinging Strike 1-1: Ball 2-1: Called Strike 2-2: Strikes out swinging
|
|
Batting: RHB Klaas Meij
|
0-0: Called Strike 0-1: Foul Ball, location: 2F 0-2: Foul Ball, location: 2F 0-2: Foul Ball, location: 2F 0-2: Strikes out swinging
|
|
Batting: LHB Tim Olsen
|
0-0: Ball 1-0: Fly out, F5 (Popup, 56, EV 74.4 MPH)
|
| Bottom of the 5th over - 0 runs, 0 hits, 0 errors, 0 left on base; Reading 0 - Springfield 5 |
| TOP OF THE 6TH |
|
Reading Fightin Phils batting - Pitching for Springfield Cardinals : RHP Bryan Banana
|
|
Batting: LHB Danny Hill
|
0-0: Ball 1-0: Ball 2-0: Ball 3-0: Called Strike 3-1: Base on Balls
|
|
Batting: RHB Austin Wiebe
|
0-0: Grounds into double play, 6-4-3 (Groundball, 6, EV 86.3 MPH)
|
|
Batting: LHB Chris Fandino
|
0-0: Called Strike 0-1: Foul Ball, location: 2F 0-2: Strikes out swinging
|
| Top of the 6th over - 0 runs, 0 hits, 0 errors, 0 left on base; Reading 0 - Springfield 5 |
| BOTTOM OF THE 6TH |
|
Springfield Cardinals batting - Pitching for Reading Fightin Phils : RHP John Gloe
|
|
Batting: LHB Jesus Ramirez
|
0-0: Called Strike 0-1: Ball 1-1: Ground out U3 (Groundball, 3, EV 90.0 MPH)
|
|
Batting: RHB Jason Keller
|
0-0: Ball 1-0: Foul Ball, location: 2F 1-1: Called Strike 1-2: Ball 2-2: Ball 3-2: Base on Balls
|
|
Batting: RHB David Fernandez
|
0-0: Ball 1-0: Ball 2-0: Foul Ball, location: 2F 2-1: Foul Ball, location: 2F 2-2: Ball 3-2: Base on Balls Jason Keller to second
|
|
Batting: LHB Yeong-hun Joe
|
0-0: Ball 1-0: Ball 2-0: Ball 3-0: Base on Balls Jason Keller to third David Fernandez to second
|
|
Batting: RHB Dave Cluster
|
0-0: Fielders Choice at 2nd, 6-4 (Groundball, 6, EV 83.8 MPH) Jason Keller scores David Fernandez to third
|
|
Batting: RHB Daniel Samano
|
0-0: Called Strike 0-1: Ball 1-1: Foul Ball, location: 2F 1-2: SINGLE (Groundball, 3D, EV 97.5 MPH) David Fernandez scores Dave Cluster to second Runner from 2nd tries for 3rd, OUT! 9-5
|
| Bottom of the 6th over - 2 runs, 1 hit, 0 errors, 1 left on base; Reading 0 - Springfield 7 |
| TOP OF THE 7TH |
|
Reading Fightin Phils batting - Pitching for Springfield Cardinals : RHP Bryan Banana
|
|
Batting: LHB Darrell Ortega
|
0-0: Called Strike 0-1: Ball 1-1: Foul Ball, location: 2F 1-2: Ball 2-2: Foul Ball, location: 2F 2-2: Strikes out looking
|
|
Batting: RHB Zach Downs
|
0-0: Foul Ball, location: 2F 0-1: Ground out 6-3 (Groundball, 56, EV 81.9 MPH)
|
|
Batting: LHB Jose Fierro
|
0-0: Ball 1-0: Ball 2-0: Ball 3-0: Called Strike 3-1: Called Strike 3-2: Strikes out swinging
|
| Top of the 7th over - 0 runs, 0 hits, 0 errors, 0 left on base; Reading 0 - Springfield 7 |
| BOTTOM OF THE 7TH |
|
Springfield Cardinals batting - Pitching for Reading Fightin Phils : RHP John Gloe
|
|
Batting: RHB John Parra
|
0-0: Foul Ball, location: 2F 0-1: Ground out 6-3 (Groundball, 6, EV 88.1 MPH)
|
|
Batting: RHB Klaas Meij
|
0-0: Ball 1-0: Called Strike 1-1: Foul Ball, location: 2F 1-2: Ball 2-2: Strikes out swinging
|
|
Pinch Hitting: LHB Robert Rauda
|
0-0: Fly out, F8 (Flyball, 8RD, EV 106.3 MPH)
|
| Bottom of the 7th over - 0 runs, 0 hits, 0 errors, 0 left on base; Reading 0 - Springfield 7 |
| TOP OF THE 8TH |
|
Reading Fightin Phils batting - Pitching for Springfield Cardinals : RHP Bryan Banana
|
|
Now in LF: Robert Rauda
|
|
|
Batting: RHB Hector Nunez
|
0-0: Fly out, F7 (Line Drive, 78S, EV 91.9 MPH)
|
|
Batting: RHB Gary Hills
|
0-0: Fly out, F8 (Flyball, 8LD, EV 90.0 MPH)
|
|
Batting: RHB Matt Strong
|
0-0: Called Strike 0-1: Ground out 1-3 (Groundball, 13, EV 68.1 MPH)
|
| Top of the 8th over - 0 runs, 0 hits, 0 errors, 0 left on base; Reading 0 - Springfield 7 |
| BOTTOM OF THE 8TH |
|
Springfield Cardinals batting - Pitching for Reading Fightin Phils : RHP John Gloe
|
|
Batting: LHB Jesus Ramirez
|
0-0: Ball 1-0: Ball 2-0: Called Strike 2-1: Swinging Strike 2-2: Foul Ball, location: 2F 2-2: Foul Ball, location: 2F 2-2: Ball 3-2: Strikes out looking
|
|
Pitching: RHP Mike Pickens
|
|
|
Batting: RHB Jason Keller
|
0-0: Called Strike 0-1: Ball 1-1: Called Strike 1-2: Strikes out swinging
|
|
Batting: RHB David Fernandez
|
0-0: Called Strike 0-1: Called Strike 0-2: Ball 1-2: Fly out, F7 (Line Drive, 7, EV 84.4 MPH)
|
| Bottom of the 8th over - 0 runs, 0 hits, 0 errors, 0 left on base; Reading 0 - Springfield 7 |
| TOP OF THE 9TH |
|
Reading Fightin Phils batting - Pitching for Springfield Cardinals : RHP Bryan Banana
|
|
Batting: LHB Danny Hill
|
0-0: Ball 1-0: Ball 2-0: Ball 3-0: Called Strike 3-1: Base on Balls
|
|
Pitching: RHP John Larimore
|
|
|
Batting: RHB Austin Wiebe
|
0-0: Foul Ball, location: 2F 0-1: Fly out, F7 (Flyball, 7S, EV 91.3 MPH)
|
|
Batting: LHB Chris Fandino
|
0-0: Ball 1-0: Foul Ball, location: 2F 1-1: Called Strike 1-2: Ball 2-2: SINGLE (Groundball, 6D, EV 95.0 MPH) Danny Hill to second
|
|
Batting: LHB Darrell Ortega
|
0-0: Called Strike 0-1: DOUBLE (Line Drive, 8LXD, EV 105.0 MPH) Danny Hill scores Chris Fandino to third
|
|
Pinch Hitting: LHB Michael Tuttle
|
0-0: Ball 1-0: Swinging Strike 1-1: Swinging Strike 1-2: Ball 2-2: Ball 3-2: Fly out, F7 (Flyball, 78XD, EV 98.1 MPH) Runner from 3rd tags up, SCORES, no throw by LF
|
|
Batting: LHB Jose Fierro
|
0-0: Reached on error, E6 (Groundball, 6, EV 85.0 MPH) Darrell Ortega scores
|
|
Batting: RHB Hector Nunez
|
0-0: Ball 1-0: SINGLE (Flyball, 89S, EV 85.6 MPH) Jose Fierro to third
|
|
Pitching: RHP Yasushi Osumi
|
|
|
Batting: RHB Gary Hills
|
0-0: Called Strike 0-1: Foul Ball, location: 2F 0-2: Ball 1-2: Fly out, F6 (Flyball, 56D, EV 89.4 MPH)
|
| Top of the 9th over - 3 runs, 3 hits, 1 error, 2 left on base; Reading 3 - Springfield 7 |
|